 Dungeon Crawl Stone Soup version 0.27-a0-577-ge2a43ba0c9 (webtiles) character file.

Game seed: 1015902950344888609

85992 littlecub the Unseen (level 15, -5/66 HPs)
             Began as a Spriggan Enchanter on Mar 3, 2021.
             Was the Champion of Dithmenos.
             Killed from afar by a manticore (19 damage)
             ... with a volley of spikes
             ... on level 6 of the Lair of Beasts on Mar 9, 2021.
             The game lasted 01:32:53 (34079 turns).

littlecub the Unseen (Spriggan Enchanter)          Turns: 34079, Time: 01:32:54

Health: -5/66      AC:  6    Str: 12    XL:     15   Next: 39%
Magic:  31/39      EV: 29    Int: 17    God:    Dithmenos [******]
Gold:   419        SH:  5    Dex: 27    Spells: 23/34 levels left

rFire    . . .     SeeInvis +   a - +8 dagger (elec)
rCold    + + .     Faith    .   (shield restricted)
rNeg     . . .     Spirit   .   X - +2 robe {rC+ rF+}
rPois    +         Reflect  +   (helmet restricted)
rElec    +         Harm     .   W - +1 cloak of the Arcane {Slay+3}
rCorr    .         Rampage  .   (gloves unavailable)
Will     +++..                  (boots unavailable) Stlth ****++++++
                                U - amulet of reflection
HPRegen  0.21/turn              V - ring "Huufi" {*Contam rElec rF- rC+ Dex+10}
MPRegen  0.26/turn              J - ring "Bowufi" {rPois Will+ MP+9 Str+3}

@: spiked, wreathed by umbra, very quick
A: very small, unfitting armour, see invisible, speed 3, frail 1
a: Renounce Religion, Shadow Step, Shadow Form


You were on level 6 of the Lair of Beasts.
You worshipped Dithmenos.
Dithmenos was exalted by your worship.
You visited 4 branches of the dungeon, and saw 22 of its levels.
You also visited: Ice Cave.

You collected 2283 gold pieces.
You spent 1864 gold pieces at shops.

Inventory:

Hand Weapons
 a - a +8 dagger of electrocution (weapon)
Missiles
 v - 15 curare-tipped darts
Armour
 q - a +0 buckler
 B - a +1 robe of willpower
 W - the +1 cloak of the Arcane (worn) {Slay+3}
   (You bought it in a shop on level 1 of the Orcish Mines)

   It affects your accuracy and damage with ranged weapons and melee attacks
   (+3).
 X - a +2 robe of resistance (worn)
Jewellery
 c - a ring of wizardry
 C - a ring of protection from cold
 H - a +4 ring of evasion
 J - the ring "Bowufi" (right hand) {rPois Will+ MP+9 Str+3}
   (You bought it in a shop on level 2 of the Orcish Mines)

   [ring of magical power]

   It affects your strength (+3).
   It protects you from poison.
   It affects your willpower, your defense against some magical effects.
   It affects your magic capacity (+9).
 K - a ring of ice
 M - a ring of positive energy
 P - a ring of protection from fire
 S - a ring of flight
 T - an amulet of guardian spirit
 U - an amulet of reflection (around neck)
 V - the ring "Huufi" (left hand) {*Contam rElec rF- rC+ Dex+10}
   (You bought it in a shop on level 13 of the Dungeon)

   [ring of protection from cold]

   It affects your dexterity (+10).
   It makes you vulnerable to fire.
   It protects you from cold.
   It insulates you from electricity.
   It causes magical contamination when unequipped.
Wands
 b - a wand of random effects (25)
 j - a wand of digging (19)
 r - a wand of flame (29)
 u - a wand of iceblast (32)
 w - a wand of mindburst (1)
 N - a wand of paralysis (9)
 O - a wand of polymorph (12)
 Q - a wand of acid (12)
Scrolls
 f - 2 scrolls of enchant armour
 k - 7 scrolls of fog
 o - 11 scrolls of teleportation
 t - a scroll of blinking
 x - 3 scrolls of vulnerability
 y - 4 scrolls of amnesia
 F - 2 scrolls of magic mapping
 G - 2 scrolls of silence
 R - 2 scrolls of summoning
Potions
 d - 9 potions of heal wounds
 e - a potion of berserk rage
 g - 2 potions of flight
 h - 2 potions of haste
 i - 4 potions of resistance {unknown}
 l - 2 potions of mutation
 m - a potion of brilliance
 n - a potion of cancellation
 p - 3 potions of lignification
 z - 2 potions of ambrosia
 A - 4 potions of attraction
 D - 2 potions of invisibility
 E - 2 potions of might
 I - 5 potions of curing
 Y - a potion of magic


   Skills:
 + Level 6.7 Fighting
 * Level 12.2 Short Blades
 + Level 10.7 Dodging
 * Level 16.9 Stealth
 + Level 4.3 Shields
 + Level 10.1 Spellcasting
 * Level 13.7 Hexes
 - Level 5.0 Translocations
 + Level 6.5 Ice Magic
 - Level 5.0 Air Magic
 - Level 5.0 Poison Magic
 + Level 7.1 Invocations


You had 23 spell levels left.
You knew the following spells:

 Your Spells              Type           Power      Damage    Failure   Level
a - Corona                Hex            58%        N/A       1%          1
b - Ensorcelled Hibernat  Hex/Ice        86%        N/A       1%          2
c - Confusing Touch       Hex            53%        N/A       1%          3
d - Mephitic Cloud        Conj/Pois/Air  19%        N/A       6%          3
q - Blink                 Tloc           N/A        N/A       1%          2

Your spell library contained the following spells:

 Spells                   Type           Power      Damage    Failure   Level
 Slow                     Hex            53%        N/A       1%          2
 Dazzling Flash           Conj/Hex       62%        N/A       1%          3
 Tukima's Dance           Hex            53%        N/A       1%          3
 Magic Dart               Conj           32%        1d4       9%          1
 Call Imp                 Summ           8%         N/A       13%         2
 Wereblood                Tmut           8%         N/A       13%         2
 Yara's Violent Unravell  Hex/Tmut       15%        3d8       14%         5
 Ice Form                 Ice/Tmut       19%        N/A       22%         4
 Conjure Flame            Conj/Fire      8%         6-21      26%         3
 Dispersal                Tloc           12%        N/A       86%         6


Dungeon Overview and Level Annotations

Branches:
Dungeon (13/15)            Temple (1/1) D:6            Lair (6/6) D:8
 Shoals (0/4) Lair:2       Spider (0/4) Lair:3        Slime (0/5) Lair:5
    Orc (2/2) D:9             Elf (0/3) Orc:2         IceCv (visited)
 Vaults: D:13-14

Altars:
Ashenzari
Dithmenos
Elyvilon
Fedhas
Hepliaklqana
Kikubaaqudgha
Nemelex Xobeh
Okawaru
Trog
Uskayaw
Vehumet
Xom
The Shining One
Beogh

Shops:
D:6 [   D:9 ?   D:13 =   Orc:1 [   Orc:2 [=((


Innate Abilities, Weirdness & Mutations

You are very small and have problems with some larger weapons.
You are too small for most types of armour.
You have supernaturally acute eyesight. (SInv)
You cover ground extremely quickly. (Speed+++)
You are frail. (-10% HP)


Message History

You blink.
The rime drake bites the cane toad but does no damage.
The manticore completely misses you. The manticore misses you.
The manticore completely misses you.
The five-headed hydra completely misses you.
The five-headed hydra misses you. x2
The five-headed hydra completely misses you.
You block the five-headed hydra's attack.
The cane toad gives a loud, deep croak!
You feel better. The manticore bites you!!
You emit a cloud of dark smoke.
The manticore misses you. x2
The rime drake is engulfed in noxious fumes.
The rime drake appears confused.
The rime drake completely misses you. The five-headed hydra bites you!
* * * LOW HITPOINT WARNING * * *
You emit a cloud of dark smoke.
The five-headed hydra misses you.
The five-headed hydra completely misses you.
The five-headed hydra barely misses you.
You block the five-headed hydra's attack.
Blink to where?
Press: ? - help, Dir - move target, p - rime drake
As you read the scroll of blinking, it crumbles to dust.
The rime drake is engulfed in noxious fumes.
The rime drake appears confused.
The rime drake bites the five-headed hydra!
Casting: Blink (safe; 1% risk of failure)
Confirm with . or Enter, or press ? or * to list all spells.
Aiming: Mephitic Cloud (dangerous; 6% risk of failure)
Press: ? - help, Shift-Dir - straight line The ball explodes into a vile cloud!
The stinking cloud engulfs the cane toad but does no damage.
The five-headed hydra roars!
You fail to use your ability.
You carefully extract the barbed spikes from your body.
The manticore is engulfed in noxious fumes.
The manticore is engulfed in noxious fumes.
The manticore flicks its tail.
The volley of spikes hits you!!
The barbed spikes become lodged in your body.
You die...

........#.###.§§§.##
.#####.....##.?§§§.##
.#.........##)§§§k..##
.#...#....P##.(.§D#..#
.....#...########H○.##
###[###...#.†.#..○#..# ######
..###P....#...#.F....###.#..####.
...##.........#......##..........
..###.....###.#.@....#...........
.## ###..........#.###...........
## #..P.......####............
#####.P.######...†......... #####
#.............# #..P......._...
####P.#..........P
###......####......# ###
#.#......## ###...##


You could see a five-headed hydra, a manticore, a cane toad and a rime drake
(confused).

Vanquished Creatures
  Kirke (D:12)
  An orc warlord (Orc:1)
  Josephine (Orc:1)
  Fannar (D:10)
  Harold (D:7)
  6 catoblepae
  4 boulder beetles
  11 hydras
  A centaur warrior (D:13)
  2 two-headed ogres
  Erica (D:10)
  8 death yaks
  2 orc high priests (Orc:2)
  Sonja (Lair:3)
  Nergalle (Lair:1)
  2 unseen horrors
  2 lindwurms
  Pikel (D:7)
  2 orc knights (Orc:2)
  A necromancer (IceCv)
  3 orc sorcerers (Orc:2)
  2 ugly things (D:13)
  A manticore (Lair:6)
  8 elephants
  A centaur zombie (D:11)
  7 black mambas
  3 torpor snails
  3 ice statues (IceCv)
  3 rime drakes
  15 cane toads
  An efreet (D:13)
  16 komodo dragons
  9 ice devils (IceCv)
  2 jumping spiders (Lair:3)
  4 polar bears
  9 trolls
  23 blink frogs
  A hornet (Lair:2)
  Sigmund (D:3)
  2 shadows (D:13)
  47 yaks
  7 wraiths
  Eustachio (D:9)
  4 hogs (D:12)
  7 wyverns
  2 vampire mosquitoes (D:13)
  8 basilisks
  5 wargs
  Duvessa (D:7)
  13 water moccasins
  A soldier ant (D:12)
  38 orc warriors
  An ice beast (D:5)
  A sky beast (D:8)
  An eye of draining (D:10)
  2 black bears
  11 wolves
  6 ogres
  2 necrophages
  4 centaurs
  3 phantoms
  4 kobold brigands
  A lemure (D:7)
  Blork the orc (D:9)
  13 bullfrogs
  2 gnoll sergeants
  A wyvern zombie (D:13)
  Dowan (D:7)
  A wyvern skeleton (D:13)
  A water moccasin zombie (D:5)
  5 killer bees (D:9)
  12 scorpions
  3 electric eels
  3 howler monkeys
  A quasit (D:9)
  A bullfrog zombie (D:5)
  3 draconian simulacra (IceCv)
  2 bullfrog skeletons
  4 centaur skeletons
  5 hounds
  Crazy Yiuf (D:3)
  22 orc priests
  5 jellies
  Jessica (D:3)
  15 iguanas
  33 orc wizards
  9 worker ants
  2 troll simulacra (IceCv)
  2 spriggan simulacra (IceCv)
  2 centaur simulacra (IceCv)
  A howler monkey skeleton (D:11)
  17 adders
  4 gnolls (D:10)
  A naga simulacrum (IceCv)
  A shadow imp (D:5)
  3 ufetubi
  2 oozes
  4 adder skeletons
  A dart slug (D:2)
  2 worms
  13 leopard geckos
  103 orcs
  7 giant cockroaches
  A hobgoblin (D:3)
  9 jackals
  29 kobolds
  3 quokkas
  6 bats
  13 frilled lizards
  7 goblins
  A quokka skeleton (D:8)
  6 rats
  3 rat zombies (D:7)
722 creatures vanquished.

Vanquished Creatures (others)
  A frilled lizard (D:10)
  34 fungi
  56 plants
  9 toadstools (Lair:2)
100 creatures vanquished.

Grand Total: 822 creatures vanquished

Notes
Turn   | Place    | Note
-------+----------+-------------------------------------------
     0 | D:1      | littlecub the Spriggan Enchanter began the quest for the
                  | Orb.
     0 | D:1      | Reached XP level 1. HP: 9/9 MP: 5/5
     1 | D:1      | Noticed an electric eel
   454 | D:1      | Reached XP level 2. HP: 10/13 MP: 4/6
   457 | D:1      | Learned a level 2 spell: Ensorcelled Hibernation
  1375 | D:2      | Reached XP level 3. HP: 17/17 MP: 8/8
  1410 | D:2      | Learned a level 3 spell: Confusing Touch
  1594 | D:2      | Reached skill level 5 in Stealth
  2101 | D:2      | You fall into a shaft and drop 1 floor!
  2101 | D:3      | Noticed Sigmund
  2102 | D:3      | Noticed a phantom
  2714 | D:3      | Reached XP level 4. HP: 14/21 MP: 2/9
  2973 | D:3      | Found a glowing golden altar of the Shining One.
  2973 | D:3      | Found a bloodstained altar of Trog.
  2974 | D:3      | Found a white marble altar of Elyvilon.
  3102 | D:3      | Upgraded the game from 0.27-a0-512-g57cc695410 to
                  | 0.27-a0-522-g46bbb28828
  3112 | D:3      | Killed a phantom
  3113 | D:3      | Reached skill level 1 in Fighting
  3113 | D:3      | Reached XP level 5. HP: 14/25 MP: 5/10
  3339 | D:3      | Upgraded the game from 0.27-a0-522-g46bbb28828 to
                  | 0.27-a0-577-ge2a43ba0c9
  3404 | D:3      | Noticed Jessica
  3409 | D:3      | Killed Jessica
  3410 | D:3      | Reached skill level 1 in Ice Magic
  3688 | D:3      | Killed Sigmund
  3689 | D:3      | Reached skill level 6 in Stealth
  3689 | D:3      | Reached skill level 5 in Hexes
  3689 | D:3      | Reached XP level 6. HP: 30/30 MP: 9/12
  4117 | D:3      | Found a runed translucent door.
  4118 | D:3      | Noticed Crazy Yiuf
  4125 | D:3      | Killed Crazy Yiuf
  4520 | D:4      | Reached XP level 7. HP: 33/33 MP: 10/13
  4591 | D:4      | Found an iron altar of Okawaru.
  4889 | D:5      | Entered Level 5 of the Dungeon
  4975 | D:5      | Reached skill level 7 in Stealth
  5715 | D:5      | Reached XP level 8. HP: 39/39 MP: 8/15
  5928 | D:5      | Reached skill level 8 in Stealth
  6225 | D:6      | Found a shadowy altar of Dithmenos.
  6225 | D:6      | Found the +2 cloak of the Thief {*Fog Slay-2 SInv Stlth+}
  6235 | D:6      | Became a worshipper of Dithmenos the Shadowed
  6355 | D:6      | Found a staircase to the Ecumenical Temple.
  6370 | D:6      | Reached skill level 5 in Short Blades
  6376 | D:6      | Reached skill level 5 in Dodging
  6541 | Temple   | Entered the Ecumenical Temple
  7435 | D:6      | Reached skill level 9 in Stealth
  7532 | D:6      | Found Sonnit's Antique Armour Shop.
  7613 | D:7      | Reached skill level 5 in Spellcasting
  7649 | D:7      | Found a hazy altar of Hepliaklqana.
  7650 | D:7      | Found a shimmering altar of Xom.
  7651 | D:7      | Noticed a spectral ugly thing
  8168 | D:7      | Noticed Pikel
  8174 | D:7      | Killed Pikel
  8175 | D:7      | Reached skill level 1 in Invocations
  8175 | D:7      | Reached XP level 9. HP: 41/43 MP: 10/17
  8175 | D:7      | Found a hide-covered altar of Uskayaw.
  8245 | D:7      | Noticed Harold
  8656 | D:7      | Killed Harold
  8656 | D:7      | Reached * piety under Dithmenos
  8657 | D:7      | Reached skill level 10 in Stealth
  8885 | D:7      | Found an ancient bone altar of Kikubaaqudgha.
  8934 | D:7      | Noticed Duvessa
  8937 | D:7      | Noticed Dowan
  8941 | D:7      | Killed Duvessa
  8943 | D:7      | Killed Dowan
  9092 | D:8      | Noticed an unseen horror
  9097 | D:8      | Killed an unseen horror
  9574 | D:8      | Found a broken altar of Ashenzari.
  9614 | D:8      | Reached XP level 10. HP: 49/49 MP: 19/19
  9861 | D:8      | Noticed a death yak
  9905 | D:9      | Noticed Eustachio
  9906 | D:9      | Noticed Blork the orc
  9911 | D:9      | Killed Eustachio
  9914 | D:9      | Killed Blork the orc
  9914 | D:9      | Reached ** piety under Dithmenos
 10003 | D:9      | Found Foanyeh's Magic Scroll Emporium.
 10052 | D:9      | Bought a scroll of magic mapping for 45 gold pieces
 10052 | D:9      | Bought a scroll of silence for 97 gold pieces
 10052 | D:9      | Bought a scroll of enchant weapon for 97 gold pieces
 10052 | D:9      | Bought a scroll of brand weapon for 260 gold pieces
 10184 | D:9      | Reached skill level 11 in Stealth
 10366 | D:9      | Found a staircase to the Orcish Mines.
 10597 | D:9      | Noticed a two-headed ogre
 10602 | D:9      | Killed a two-headed ogre
 11081 | D:10     | Entered Level 10 of the Dungeon
 11100 | D:10     | Noticed Erica
 11591 | D:10     | Killed Erica
 11592 | D:10     | Reached skill level 12 in Stealth
 11598 | D:10     | Reached XP level 11. HP: 52/53 MP: 4/22
 11749 | D:10     | Noticed Fannar
 11773 | D:10     | Killed Fannar
 12210 | D:10     | Reached *** piety under Dithmenos
 13127 | D:10     | Identified the +3 scale mail of Bykluneebb {Stlth+}
 13318 | D:11     | Noticed an unseen horror
 13325 | D:11     | Killed an unseen horror
 13326 | D:11     | Reached skill level 1 in Shields
 13326 | D:11     | Reached skill level 10 in Hexes
 13790 | D:11     | Noticed a seven-headed hydra
 13864 | D:11     | Reached **** piety under Dithmenos
 13893 | D:11     | Killed a seven-headed hydra
 13972 | D:11     | Found a blossoming altar of Fedhas.
 14258 | D:12     | Reached skill level 13 in Stealth
 14304 | D:12     | Learned a level 2 spell: Blink
 14308 | D:12     | Learned a level 3 spell: Mephitic Cloud
 14341 | D:12     | Noticed Kirke
 14366 | D:12     | Noticed a lindwurm
 15033 | D:12     | Reached skill level 1 in Translocations
 15152 | D:12     | Gained mutation: You are frail. (-10% HP) [potion of
                  | mutation]
 15152 | D:12     | Gained mutation: You are weak. (Str -2) [potion of
                  | mutation]
 15152 | D:12     | Lost mutation: You are weak. (Str -2) [potion of mutation]
 16078 | D:12     | Killed Kirke
 16079 | D:12     | Reached skill level 1 in Poison Magic
 16079 | D:12     | Reached XP level 12. HP: 31/53 MP: 17/24
 16221 | D:13     | Noticed a centaur warrior
 16223 | D:13     | Killed a centaur warrior
 16224 | D:13     | Reached skill level 1 in Air Magic
 16412 | D:13     | Noticed a two-headed ogre
 16429 | D:13     | Killed a two-headed ogre
 16430 | D:13     | Reached skill level 5 in Fighting
 16528 | D:13     | Reached ***** piety under Dithmenos
 16761 | D:13     | Found a bloodstained altar of Trog.
 16800 | D:13     | Found Plog's Jewellery Shoppe.
 17813 | D:8      | Found a staircase to the Lair.
 17814 | D:8      | Noticed a death yak
 17815 | D:8      | Noticed a death yak
 17852 | D:8      | Killed a death yak
 17857 | D:8      | Reached skill level 10 in Short Blades
 18360 | D:8      | Killed a death yak
 18361 | D:8      | Reached skill level 14 in Stealth
 18361 | D:8      | Reached skill level 5 in Ice Magic
 18361 | D:8      | Reached skill level 5 in Invocations
 18610 | Lair:1   | Entered Level 1 of the Lair of Beasts
 19244 | Lair:1   | Identified the +8 long sword of the Ship {pain, Int+5}
 19531 | Lair:1   | Noticed Nergalle
 19738 | Lair:1   | Reached XP level 13. HP: 48/57 MP: 16/26
 19740 | Lair:1   | Killed Nergalle
 21000 | Lair:2   | Found a staircase to the Shoals.
 21432 | Lair:2   | Noticed a dire elephant
 21453 | Lair:2   | Found a runed translucent door.
 21947 | Lair:3   | Noticed Sonja
 21950 | Lair:3   | Killed Sonja
 22076 | Lair:3   | Reached skill level 15 in Stealth
 22274 | Lair:3   | Found a hole to the Spider Nest.
 23424 | Lair:4   | Reached skill level 5 in Translocations
 23476 | Lair:4   | Reached ****** piety under Dithmenos
 24010 | D:13     | Bought the ring "Huufi" {*Contam rElec rF- rC+ Dex+10} for
                  | 568 gold pieces
 24153 | Orc:1    | Entered Level 1 of the Orcish Mines
 24597 | Orc:1    | Noticed Josephine
 24681 | D:9      | Reached XP level 14. HP: 52/62 MP: 25/28
 24756 | Orc:1    | Killed Josephine
 25115 | Orc:1    | Found Nomukad's Antique Armour Emporium.
 25123 | Orc:1    | Bought a slimy cloak for 237 gold pieces
 25123 | Orc:1    | Identified the +1 cloak of the Arcane {Slay+3} (You bought
                  | it in a shop on level 1 of the Orcish Mines)
 25146 | Orc:1    | You fall into a shaft and drop 1 floor!
 25146 | Orc:2    | Entered Level 2 of the Orcish Mines
 25177 | Orc:2    | Found a frozen archway.
 25186 | IceCv    | Entered an ice cave
 26688 | Orc:2    | Found Anehuezi's Antique Weapon Shop.
 26927 | Orc:2    | Reached skill level 10 in Dodging
 27360 | Orc:2    | Found Modwal's Jewellery Emporium.
 27525 | Orc:2    | Noticed an orc warlord
 27943 | Orc:2    | Bought the ring "Bowufi" {rPois Will+ MP+9 Str+3} for 560
                  | gold pieces
 28523 | Orc:1    | Killed an orc warlord
 29043 | Orc:2    | Reached skill level 16 in Stealth
 29323 | Orc:2    | Found a staircase to the Elven Halls.
 29605 | Orc:2    | Found Ynguvo's Antique Armour Shoppe.
 29617 | Orc:2    | Found Kixkeilo's Antique Weapon Emporium.
 30861 | Lair:5   | Found a staircase to the Slime Pits.
 32094 | Lair:5   | Found the +6 shillelagh "Devastator" {shatter}
 32103 | Lair:5   | Identified the Reference Book on Shifting Translocation
 32223 | Lair:5   | Reached skill level 5 in Poison Magic
 32298 | Lair:6   | Entered Level 6 of the Lair of Beasts
 32300 | Lair:6   | Reached XP level 15. HP: 66/66 MP: 29/29
 32938 | Lair:6   | Found a radiant altar of Vehumet.
 33728 | Lair:6   | Reached skill level 10 in Spellcasting
 33855 | Lair:6   | Found a sparkling altar of Nemelex Xobeh.
 34073 | Lair:6   | Reached skill level 5 in Air Magic
 34079 | Lair:6   | Killed from afar by a manticore

Illustrated notes

Levels and vault maps discovered:
D:1:      arrival_aquarium_a, layout_basic, serial_forest,
          infiniplex_forest_lined_2, infiniplex_forest_lined_room_3,
          infiniplex_forest_split, infiniplex_forest_straight_4,
          infiniplex_forest_end_1, infiniplex_forest_clump_curved
D:2:      layout_basic
D:3:      layout_basic, gammafunk_temple_overflow_claw, uniq_sigmund,
          uniq_jessica, uniq_crazy_yiuf_cottage
D:4:      layout_cave_pools, kennysheep_okawaru_gauntlet, tgw_sif
D:5:      layout_loops_cross, chequers_jeans
D:6:      layout_rooms, lemuel_crystal_altar, minmay_temple_entry_slanted,
          serial_shops, shop_fountains, kennysheep_generic_room_11
D:7:      layout_cave_pods, regret_index_temple_of_mockery,
          lemuel_zombie_altar_kikubaaqudgha, kennysheep_mini_moat, uniq_harold,
          uniq_pikel, uniq_duvessa
D:8:      layout_layer_cave, cheibrodos_ashenzari_chains, dpeg_lair_monsters
D:9:      layout_loops_ring, minmay_orc_entry_guard_dogs, serial_shops,
          nicolae_shop_stone, sword_in_stone
D:10:     lemuel_reptile_caves, layout_cave_pools, uniq_fannar, uniq_erica
D:11:     layout_loops_ring, fedhas_altar_1
D:12:     layout_basic, uniq_kirke
D:13:     layout_roguey, basic_altar, serial_shops,
          nicolae_shop_temple_entry_statues_fountains
Temple:   jpeg_temple_clearing
Lair:1:   layout_hall_layers, uniq_nergalle
Lair:2:   gammafunk_lair_enchanted_lake, layout_small_grid,
          elwin_shoals_entry_rocks
Lair:3:   layout_regular_city, spider_nest_entry_a, uniq_sonja
Lair:4:   layout_cave_pods, guppyfry_lair_drakes, serial_bayou_shore_a
Lair:5:   nzn_winding_woodlands_three_and_one
          [nzn_winding_woodlands_5x15_default, nzn_winding_woodlands_5x15_eye,
          nzn_winding_woodlands_5x15_pathside_ponds,
          nzn_winding_woodlands_center_triple_pond], layout_layer_cave,
          slime_dummy, minmay_shattered_shrine
Lair:6:   wormcave, layout_cave_pods, hangedman_lair_in_review, basic_altar,
          lemuel_altar_in_water2
Orc:1:    layout_caves, serial_shops, nicolae_shop_competitors_out_of_business,
          uniq_josephine
Orc:2:    grunt_orc_community_town_hall, layout_caves,
          grunt_orc_community_big_house_2, grunt_orc_community_big_house_2,
          grunt_orc_community_house_3, grunt_orc_community_house_1,
          grunt_orc_community_house_2, grunt_orc_community_house_3,
          grunt_orc_community_house_2, grunt_orc_community_house_3,
          portal_ice_cave_rime

Skill      XL: |  1  2  3  4  5  6  7  8  9 10 11 12 13 14 15 |
---------------+----------------------------------------------+-----
Hexes          | 4 5 6 7 8 9 10 11 12 13 | 13.7
Stealth        | 5 6 7 9 10 12 13 14 15 16 | 16.9
Short Blades   | 2 3 4 6 7 8 9 10 11 12 | 12.2
Dodging        | 3 4 5 6 7 8 9 10 | 10.7
Spellcasting   | 3 4 5 6 7 8 9 10 | 10.1
Fighting       | 1 2 3 4 5 6 |  6.7
Ice Magic      | 1 2 3 4 5 6 |  6.5
Invocations    | 1 2 3 4 5 6 7 |  7.1
Shields        | 1 2 3 4 |  4.3
Translocations | 1 3 5 |  5.0
Poison Magic   | 1 2 3 5 |  5.0
Air Magic      | 2 3 4 5 |  5.0

Action                   |  1- 3 |  4- 6 |  7- 9 | 10-12 | 13-15 || total
-------------------------+-------+-------+-------+-------+-------++-------
Melee: Dagger            |    93 |    60 |   153 |   463 |   494 ||  1263
 Cast: Corona            |     8 |       |       |       |       ||     8
       Ensorcelled Hiber |    27 |    28 |    86 |   282 |   413 ||   836
       Confusing Touch   |       |     2 |    15 |    27 |    21 ||    65
       Mephitic Cloud    |       |       |       |     6 |    18 ||    24
       Blink             |       |       |       |       |     2 ||     2
Invok: Shadow Step       |       |       |       |       |     3 ||     3
Evoke: Wand              |       |       |    10 |       |     5 ||    15
  Use: Scroll            |       |       |    10 |    17 |     8 ||    35
       Potion            |       |       |       |     2 |     4 ||     6
 Stab: Sleeping          |    23 |    31 |    58 |   169 |   266 ||   547
       Confused          |       |     3 |    12 |    23 |    30 ||    68
       Distracted        |       |       |       |     6 |     2 ||     8
       Invisible         |       |       |       |       |     2 ||     2
       Petrified         |       |       |       |       |     1 ||     1
Armor: Robe              |     7 |     2 |     9 |    16 |    14 ||    48
Dodge: Dodged            |    69 |    27 |   117 |   278 |   396 ||   887
Block: Other             |       |       |       |       |    59 ||    59
       Reflection        |       |       |       |       |     1 ||     1

Table legend: (Time is in decaauts)
 A = Elapsed time spent in this place.
 B = Non-inter-level travel time spent in this place.
 C = Inter-level travel time spent in this place.
 D = Time resting spent in this place.
 E = Time spent auto-exploring this place.
 F = Levels seen in this place.
 G = Mean time per level.
                   A        B        C        D        E       F      G
               +--------+--------+--------+--------+--------+-----+--------+
         Total |  26668 |  25501 |   1167 |   6087 |  14356 |  23 | 1159.5 |
       Dungeon |  15415 |  14649 |    766 |   2975 |   9042 |  13 | 1185.8 |
        Temple |    108 |    108 |      0 |    107 |      0 |   1 |  108.0 |
          Lair |   6975 |   6681 |    294 |   1388 |   3899 |   6 | 1162.5 |
  Orcish Mines |   3681 |   3575 |    106 |   1436 |   1349 |   2 | 1840.5 |
      Ice Cave |    487 |    487 |      0 |    181 |     65 |   1 |  487.0 |
               +--------+--------+--------+--------+--------+-----+--------+

Top non-repeatable levels by time:
   Orc:1: 2131 daAuts
    D:10: 1992 daAuts
     D:8: 1889 daAuts
  Lair:5: 1723 daAuts
    D:12: 1632 daAuts
   Orc:2: 1549 daAuts
     D:9: 1344 daAuts
  Lair:4: 1305 daAuts
     D:2: 1282 daAuts
     D:3: 1150 daAuts
  Lair:2: 1148 daAuts
  Lair:1: 1099 daAuts
     D:7: 1095 daAuts
     D:5: 1051 daAuts
     D:1: 1032 daAuts
